 Dungeon Crawl Stone Soup version 0.25.1-8-g42b30a86e7 (webtiles) character file.

Game seed: 18101211139322284580

221 hawla the Conjurer (level 5, -5/38 HPs)
             Began as a Draconian Conjurer on Dec 20, 2020.
             Slain by an orc priest
             ... wielding a +0 flail
              (8 damage)
             ... on level 4 of the Dungeon.
             The game lasted 00:11:05 (4504 turns).

hawla the Conjurer (Draconian Conjurer)             Turns: 4504, Time: 00:11:07

Health: -5/38      AC:  5    Str: 11    XL:     5   Next: 65%
Magic:  1/10       EV: 12    Int: 16    God:
Gold:   195        SH:  0    Dex: 11    Spells: 3/10 levels left

rFire    . . .     SeeInvis .   m - +3 quarterstaff (chaos)
rCold    . . .     Gourm    .   (shield currently unavailable)
rNeg     . . .     Faith    .   (armour unavailable)
rPois    .         Spirit   .   (helmet restricted)
rElec    .         Reflect  .   (no cloak)
rCorr    .         Harm     .   (no gloves)
MR       .....                  (no boots)
Stlth    ++........             (no amulet)
HPRegen  0.12/turn              (no ring)
MPRegen  0.12/turn              (no ring)

@: lethally poisoned (-5 -> -14)
A: unfitting armour, cold-blooded, AC +5
a: no special abilities


You were on level 4 of the Dungeon.
You were not hungry.

You visited 1 branch of the dungeon, and saw 4 of its levels.

You collected 195 gold pieces.

Inventory:

Hand Weapons
 m - a +3 quarterstaff of chaos (weapon)
Missiles
 a - 5 boomerangs (quivered)
 j - 7 atropa-tipped darts
Armour
 f - a +1 buckler
Jewellery
 h - an uncursed ring of magical power {unknown}
Wands
 i - a wand of acid (11)
Scrolls
 e - 4 scrolls of teleportation
 g - a scroll of remove curse
Potions
 c - a potion of curing
 d - 3 potions of degeneration
 k - a potion of haste
 l - a potion of mutation {unknown}
Comestibles
 b - 8 rations


   Skills:
 - Level 1.7 Dodging
 - Level 1.7 Stealth
 * Level 2.3 Shields
 + Level 3.4 Spellcasting
 + Level 5.0 Conjurations
 * Level 2.1 Translocations


You had 3 spell levels left.
You knew the following spells:

 Your Spells              Type           Power        Failure   Level  Hunger
a - Magic Dart            Conj           ###.         2%          1    None
b - Searing Ray           Conj           ###...       3%          2    ##.....
c - Iskenderun's Mystic   Conj/Tloc      ##......     38%         4    ####...

Your spell library contained the following spells:

 Spells                   Type           Power        Failure   Level  Hunger
 Dazzling Flash           Conj/Hex       ##....       19%         3    ###....
 Fulminant Prism          Conj/Hex       ##........   54%         4    ####...


Dungeon Overview and Level Annotations

Branches:
Dungeon (4/15)
 Temple: D:4-7

Altars:
Wu Jian

Shops:
D:4 %

Annotations:
D:3 Ijyb


Innate Abilities, Weirdness & Mutations

Your plain brown scales are hard. (AC +5)
You cannot fit into any form of body armour.
You are cold-blooded and may be slowed by cold attacks.


Message History

Reactivating autopickup.
Your Translocations skill increases to level 2!
You feel a bit more experienced.
The searing ray misses the orc priest.
You feel sick.
The searing ray hits the orc priest but does no damage.
The orc priest is lightly wounded.
You feel sick.
The orc priest hits you with a +0 flail!
You hit the orc priest but do no damage.
The orc priest is lightly wounded.
You feel sick.
The orc priest hits you with a +0 flail.
You closely miss the orc priest.
The orc priest is lightly wounded.
You feel sick.
The orc priest calls down the wrath of Beogh upon you.
Beogh smites you!
* * * LOW HITPOINT WARNING * * *
The orc priest hits you with a +0 flail!
You die...

#... #... #...
#... +... #.∩.
##### #..)##...#
+...o@...+
#...##...# #...
#...# #... #...#
#... #...#
######...#########
+....'............
######....########
#....#


You could see an orc priest.

Vanquished Creatures
  Crazy Yiuf (D:3)
  An orc wizard (D:4)
  A worker ant (D:4)
  6 gnolls
  2 adders
  An ooze (D:2)
  2 leopard geckos (D:1)
  5 orcs
  A ball python (D:3)
  A giant cockroach (D:4)
  9 goblins
  6 hobgoblins
  4 jackals (D:1)
  2 quokkas
  7 bats
  A frilled lizard (D:2)
  6 kobolds
  9 rats
  2 fungi (D:3)
67 creatures vanquished.

Notes
Turn   | Place    | Note
-------+----------+-------------------------------------------
     0 | D:1      | hawla the Draconian Conjurer began the quest for the Orb.
     0 | D:1      | Reached XP level 1. HP: 14/14 MP: 3/3
   126 | D:1      | Reached XP level 2. HP: 11/20 MP: 0/5
  1067 | D:1      | Reached XP level 3. HP: 26/26 MP: 1/7
  1188 | D:1      | Learned a level 2 spell: Searing Ray
  2107 | D:3      | Reached skill level 1 in Shields
  2107 | D:3      | Reached XP level 4. HP: 25/33 MP: 1/8
  2117 | D:3      | Learned a level 4 spell: Iskenderun's Mystic Blast
  2909 | D:3      | Noticed Ijyb
  3255 | D:3      | Reached skill level 1 in Translocations
  3567 | D:3      | Reached XP level 5. HP: 38/38 MP: 4/9
  3714 | D:3      | Found an ornate altar of the Wu Jian Council.
  4147 | D:3      | Found a runed translucent door.
  4148 | D:3      | Noticed Crazy Yiuf
  4154 | D:3      | Killed Crazy Yiuf
  4154 | D:3      | Reached skill level 5 in Conjurations
  4485 | D:4      | Found Dioscheut's Food Boutique.
  4504 | D:4      | Slain by an orc priest

Illustrated notes

Levels and vault maps discovered:
D:1:      zaba_arrival_water, layout_basic, serial_bayou_pond_d, st_stairs_13,
          minmay_tree_intersection
D:2:      layout_basic
D:3:      layout_loops_ring, lemuel_round_altar, uniq_ijyb,
          uniq_crazy_yiuf_cottage
D:4:      layout_basic, minitemple, minmay_temple_entry_mini_moons,
          first_ration, serial_shops, shop

Skill      XL: |  1  2  3  4  5 |
---------------+----------------+-----
Spellcasting   | 3 |  3.4
Shields        | 1 2 |  2.3
Translocations | 1 2 |  2.1
Conjurations   | 5 |  5.0
Dodging        | |  1.7
Stealth        | |  1.7

Action                   |  1- 3 |  4- 6 || total
-------------------------+-------+-------++-------
Melee: Unarmed           |    31 |    75 ||   106
       Tailslap          |     3 |    14 ||    17
       Quarterstaff      |       |     2 ||     2
 Cast: Magic Dart        |    53 |    33 ||    86
       Searing Ray       |    10 |    22 ||    32
  Use: Scroll            |     2 |     7 ||     9
  Eat: Chunk             |     4 |     6 ||    10
       Ration            |       |     1 ||     1
Armor: Skin              |    21 |    15 ||    36
Dodge: Dodged            |    61 |    19 ||    80
Block: Buckler           |     1 |    13 ||    14
